 Dungeon Sprint DCSS version 0.30-a0-222-ge547ba4400 (webtiles) character file.

Game seed: 12848815949877083476

2553 rocky1 the Impaler (level 9, -5/91 HPs)
             Began as a Minotaur Fighter on Oct 9, 2022.
             Was an Initiate of Gozag.
             Slain by a tentacle (17 damage)
             ... attached to a kraken
             ... in the Dungeon (Sprint II: "The Violet Keep of Menkaure").
             The game lasted 00:08:08 (1196 turns).

rocky1 the Impaler (Minotaur Fighter)               Turns: 1196, Time: 00:08:09

Health: -5/91      AC:  7    Str: 25    XL:     9   Next: 31%
Magic:  8/8        EV: 10    Int:  5    God:    Gozag
Gold:   880        SH:  7    Dex: 10    Spells: 8/8 levels left

rFire   . . .      SeeInvis .    a - +0 trident
rCold   . . .      Faith    .    c - +0 buckler
rNeg    . . .      Spirit   .    b - +0 scale mail
rPois   +          Reflect  .    (helmet restricted)
rElec   .          Harm     .    (no cloak)
rCorr   .          Rampage  .    (no gloves)
Will    .....      NoTele   +    (no boots)
Stlth   ..........               p - amulet of regeneration
HPRegen 1.15/turn                q - ring of poison resistance
MPRegen 0.11/turn                (no ring)

@: mighty
A: horns 2, retaliatory headbutt
a: Renounce Religion, Potion Petition, Call Merchant, Bribe Branch


You were in the Dungeon.
You worshipped Gozag.
Gozag was pleased with you.
You visited 1 branch You collected 2624 gold pieces.
You spent 1744 gold pieces at shops.

Inventory:

Hand Weapons
 a - a +0 trident (weapon)
 r - a +0 arbalest
Armour
 b - a +0 scale mail (worn)
 c - a +0 buckler (worn)
Jewellery
 p - an amulet of regeneration (around neck)
 q - a ring of poison resistance (left hand)
Scrolls
 j - a scroll of blinking
 n - 5 scrolls of identify
 o - a scroll of fear
Potions
 d - 2 potions of might
 e - 14 potions of curing
 f - 2 potions of heal wounds
 g - a potion of haste
 h - 2 potions of magic
 i - a potion of flight
 k - 2 potions of lignification
 l - a potion of attraction
 m - a potion of mutation


   Skills:
 + Level 12.3 Fighting
 - Level 17.8 Polearms
 + Level 2.6 Ranged Weapons
 + Level 4.8 Armour
 + Level 2.5 Dodging
 - Level 13.3 Shields


You had 8 spell levels left.
You didn't know any spells.
Your spell library was empty.

Dungeon Overview and Level Annotations

Branches:
Dungeon (1/1)

Altars:
Cheibriados
Dithmenos
Elyvilon
Fedhas
Gozag
Hepliaklqana
Kikubaaqudgha
Makhleb
Nemelex Xobeh
Okawaru
Qazlal
Ru
Sif Muna
Trog
Uskayaw
Vehumet
Wu Jian
Xom
Yredelemnul
Zin
The Shining One
Jiyva
Lugonu

Shops:
D :!=(:![=?[:[?!

Annotations:
D exclusions: obsidian statue and oklob plant


Innate Abilities, Weirdness & Mutations

You have a pair of horns on your head.
You reflexively headbutt those who attack you in melee.


Message History

You headbutt the tentacle. You impale the tentacle!!
You kill the tentacle!
You impale the tentacle!!
The tentacle is heavily wounded.
The tentacle slaps you but does no damage.
You impale the tentacle!!
The tentacle is almost dead.
The tentacle barely misses you.
You impale the tentacle!!
You kill the tentacle!
Tentacles burst out of the water! 2 tentacles come into view.
Unknown command.
Reach: a) +0 trident
Press: ? - help, Dir - move target, f - tentacle
Aim: a tentacle (about 22% to evade your +0 trident)
You reach to attack!
You puncture the tentacle!
The tentacle is moderately wounded.
A tentacle segment bursts forth from the water.
The kraken squirts a massive cloud of ink into the water!
You puncture the tentacle!
The tentacle is severely wounded.
The tentacle barely misses you.
You closely miss the tentacle. You headbutt the tentacle!
You kill the tentacle!
Unknown command.
A tentacle rises from the water!
You block the tentacle's attack. The tentacle slaps you!!
* * * LOW HITPOINT WARNING * * *
A tentacle comes into view.
Unknown command.
The kraken squirts a massive cloud of ink into the water!
The tentacle slaps you.
* * * LOW HITPOINT WARNING * * *
You barely miss the tentacle. You headbutt the tentacle.
The tentacle is lightly wounded.
The tentacle slaps you!
You die...
Your body crumbles into a pile of gold.

$ +.##. =▓[:?)$?$?▓▓
...####▓(?!$[!$[▓▓
#..##.#▓$??(!$[[▓▓ $
+..#..#▓[!!?$[[?▓▓
$#..#..#▓$[$(!??[▓▓$ $
###..##.#▓$?!$?$??▓▓
.###^..##▓▓▓▓▓▓▓+▓▓▓▓+▓
...~~~~~~~~~~~§§@wwXw≈▓$
$ $
..§~#'########'###Vw§§▓
~..~#.._._._.#~§~##§§≈▓
$ $
~~.~#._._._..#~~≈≈####▓
~~~~#_._._._.#~§§~§# $$
$$
≈~~~#._._._._#§~~≈§≈#$ $
≈≈≈~#.._._._.#§§§§§≈+$$
$$
##≈≈#..._._._#§§~§≈~#$ $
#§≈#...._._.#§§§≈§§▓$$
$$


You could see a kraken and 4 tentacles.

Vanquished Creatures
  A yaktaur (D)
  3 polar bears (D)
  A hornet (D)
  A blink frog (D)
  2 wyverns (D)
  Menkaure (D)
  4 water moccasins (D)
  4 necrophages (D)
  4 scorpions (D)
  3 worms (D)
  4 tentacles (D)
28 creatures vanquished.

Vanquished Creatures (others)
  23 tentacles (D)
23 creatures vanquished.

Grand Total: 51 creatures vanquished

Notes
Turn   | Place    | Note
-------+----------+-------------------------------------------
     0 | D        | rocky1 the Minotaur Fighter began the quest for the Orb.
     0 | D        | Reached XP level 1. HP: 19/19 MP: 0/0
     5 | D        | Reached skill level 3 in Polearms
     9 | D        | Reached skill level 4 in Polearms
    15 | D        | Noticed a water moccasin
    26 | D        | Killed a water moccasin
    27 | D        | Reached skill level 8 in Polearms
    27 | D        | Reached XP level 2. HP: 14/26 MP: 1/1
    27 | D        | Reached XP level 3. HP: 17/31 MP: 2/2
    27 | D        | Reached XP level 4. HP: 21/39 MP: 3/3
    46 | D        | Found a hazy altar of Hepliaklqana.
    46 | D        | Found a snail-covered altar of Cheibriados.
    47 | D        | Found a stormy altar of Qazlal.
    47 | D        | Found a viscous altar of Jiyva.
    47 | D        | Found a shadowy altar of Dithmenos.
    48 | D        | Found a sacrificial altar of Ru.
    48 | D        | Found an ancient bone altar of Kikubaaqudgha.
    48 | D        | Found a white marble altar of Elyvilon.
    49 | D        | Found an ornate altar of the Wu Jian Council.
    49 | D        | Found a shimmering blue altar of Sif Muna.
    49 | D        | Found a corrupted altar of Lugonu.
    50 | D        | Found a shimmering altar of Xom.
    50 | D        | Found a bloodstained altar of Trog.
    50 | D        | Found a burning altar of Makhleb.
    51 | D        | Found a glowing golden altar of the Shining One.
    51 | D        | Found a basalt altar of Yredelemnul.
    51 | D        | Found a hide-covered altar of Uskayaw.
    53 | D        | Found a glowing silver altar of Zin.
    53 | D        | Found a radiant altar of Vehumet.
    53 | D        | Found a blossoming altar of Fedhas.
    53 | D        | Found a sparkling altar of Nemelex Xobeh.
    54 | D        | Found an opulent altar of Gozag.
    54 | D        | Found an iron altar of Okawaru.
    57 | D        | Noticed a water moccasin
    57 | D        | Noticed a water moccasin
    63 | D        | Noticed a flying skull
    64 | D        | Became a worshipper of Gozag Ym Sagoz the Greedy
    65 | D        | Noticed a flying skull
   156 | D        | Noticed a wyvern
   156 | D        | Noticed a wyvern
   161 | D        | Killed a wyvern
   162 | D        | Reached skill level 11 in Polearms
   162 | D        | Reached XP level 5. HP: 10/50 MP: 4/4
   163 | D        | Killed a wyvern
   164 | D        | Reached skill level 12 in Polearms
   164 | D        | Reached XP level 6. HP: 13/60 MP: 5/5
   334 | D        | Reached skill level 13 in Polearms
   334 | D        | Reached skill level 10 in Shields
   342 | D        | Reached XP level 7. HP: 62/68 MP: 6/6
   349 | D        | Reached skill level 14 in Polearms
   360 | D        | Noticed an obsidian statue
   362 | D        | Noticed Menkaure
   366 | D        | Killed Menkaure
   367 | D        | Found Nibech Ezut's Distillery.
   369 | D        | Found Neffics's Antique Armour Shoppe.
   396 | D        | Reached skill level 15 in Polearms
   461 | D        | Found Tennoaru's Magic Scroll Emporium.
   461 | D        | Found Boecauv's Book Shoppe.
   462 | D        | Found Dyojeygg's Distillery.
   462 | D        | Found Emet's Magic Scroll Emporium.
   462 | D        | Found Amoipym's Jewellery Shoppe.
   463 | D        | Found Jazyic's Distillery.
   463 | D        | Found Cetsaubu's Book Shoppe.
   464 | D        | Noticed a blink frog
   470 | D        | Found Muanuall's Antique Weapon Emporium.
   489 | D        | Killed a blink frog
   490 | D        | Reached skill level 10 in Fighting
   490 | D        | Reached XP level 8. HP: 20/79 MP: 7/7
   493 | D        | Found Piacaosa's Jewellery Shoppe.
   493 | D        | Found Taomicsuyra's Distillery.
   494 | D        | Found Ogifipis's Antique Armour Emporium.
   495 | D        | Found Zedd's Antique Armour Emporium.
   498 | D        | Noticed an oklob plant
   499 | D        | Found Cadeycw's Book Shoppe.
   505 | D        | Bought a potion of flight for 30 gold pieces
   505 | D        | Bought a potion of curing for 30 gold pieces
   505 | D        | Bought a potion of curing for 30 gold pieces
   505 | D        | Bought a potion of might for 40 gold pieces
   505 | D        | Bought a potion of curing for 30 gold pieces
   505 | D        | Bought a potion of curing for 30 gold pieces
   505 | D        | Bought 2 potions of lignification for 60 gold pieces
   505 | D        | Bought a potion of curing for 30 gold pieces
   505 | D        | Bought a potion of curing for 30 gold pieces
   505 | D        | Bought a potion of curing for 30 gold pieces
   509 | D        | Bought a potion of attraction for 42 gold pieces
   509 | D        | Bought 2 potions of curing for 84 gold pieces
   509 | D        | Bought a potion of mutation for 112 gold pieces
   509 | D        | Bought a potion of curing for 42 gold pieces
   509 | D        | Bought a potion of curing for 42 gold pieces
   509 | D        | Bought a potion of might for 56 gold pieces
   509 | D        | Bought a potion of curing for 42 gold pieces
   513 | D        | Bought a scroll of identify for 20 gold pieces
   513 | D        | Bought a scroll of identify for 20 gold pieces
   513 | D        | Bought a scroll of identify for 20 gold pieces
   513 | D        | Bought a scroll of identify for 20 gold pieces
   513 | D        | Bought a scroll of identify for 20 gold pieces
   517 | D        | Bought a scroll of fear for 48 gold pieces
   525 | D        | Bought 2 potions of degeneration for 28 gold pieces
   530 | D        | Bought an amulet of regeneration for 360 gold pieces
   530 | D        | Bought a ring of poison resistance for 240 gold pieces
   546 | D        | Bought a potion of curing for 39 gold pieces
   546 | D        | Bought a potion of curing for 39 gold pieces
   546 | D        | Bought a potion of heal wounds for 65 gold pieces
   546 | D        | Bought a potion of heal wounds for 65 gold pieces
   699 | D        | Noticed a hornet
   699 | D        | Noticed a polar bear
   699 | D        | Noticed a polar bear
   699 | D        | Noticed a polar bear
   704 | D        | Noticed a yaktaur
   709 | D        | Killed a polar bear
   710 | D        | Reached skill level 16 in Polearms
   717 | D        | Killed a polar bear
   730 | D        | Killed a hornet
   731 | D        | Reached skill level 17 in Polearms
   740 | D        | Killed a polar bear
   741 | D        | Reached XP level 9. HP: 27/89 MP: 8/8
   747 | D        | Killed a yaktaur
   922 | D        | Noticed a kraken
  1023 | D        | HP: 2/90 [tentacle[a kraken] (13)]
  1115 | D        | Reached skill level 1 in Ranged Weapons
  1115 | D        | Reached skill level 1 in Dodging
  1196 | D        | Slain by a tentacle

Illustrated notes

Levels and vault maps discovered:
D:        the_violet_keep_of_menkaure [sprint2_stairs_cluster_1,
          sprint2_shoproom, sprint2_temple, sprint2_basic_supplies,
          sprint2_obstacle_7, sprint2_obstacle_1, sprint2_obstacle_3,
          sprint2_obstacle_6, sprint2_obstacle_2, sprint2_timed_cluster_1,
          sprint2_smallroom_cluster_1, sprint2_smallroom_final_cluster_1,
          sprint2_transparent_cluster_1, sprint2_second_timed_cluster_1,
          sprint2_sniper_area_1, sprint2_heavy_combat_area_1,
          sprint2_mutation_trap_area_1, sprint2_forest_area_1,
          sprint2_light_combat_area_1, sprint2_behind_water_1,
          sprint2_near_end_vault_1]

Skill      XL: |  1  2  3  4  5  6  7  8  9 |
---------------+----------------------------+-----
Polearms       | 8 11 12 13 15 17 | 17.8
Shields        | 7 8 9 10 11 13 | 13.3
Fighting       | 6 7 8 10 11 12 | 12.3
Ranged Weapons | 2 |  2.6
Armour         | 4 |  4.8
Dodging        | 2 |  2.5

Action                   |  1- 3 |  4- 6 |  7- 9 || total
-------------------------+-------+-------+-------++-------
Melee: Trident           |    16 |    22 |   154 ||   192
       Headbutt          |     1 |     5 |    28 ||    34
  Use: Potion            |       |     1 |     3 ||     4
 Stab: Distracted        |       |       |     1 ||     1
Armor: Scale mail        |     2 |       |    27 ||    29
Dodge: Dodged            |     9 |     2 |    32 ||    43
Block: Buckler           |     3 |     5 |    31 ||    39

Table legend: (Time is in decaauts)
 A = Elapsed time spent in this place.
 B = Non-inter-level travel time spent in this place.
 C = Inter-level travel time spent in this place.
 D = Time resting spent in this place.
 E = Time spent auto-exploring this place.
 F = Levels seen in this place.
 G = Mean time per level.
                   A        B        C        D        E       F      G
               +--------+--------+--------+--------+--------+-----+--------+
         Total |   1180 |   1180 |      0 |    711 |      0 |   1 | 1180.0 |
       Dungeon |   1180 |   1180 |      0 |    711 |      0 |   1 | 1180.0 |
               +--------+--------+--------+--------+--------+-----+--------+

Top non-repeatable levels by time:
       D: 1180 daAuts
